 Dungeon Crawl Stone Soup version 0.31.0-11-ge490571c62 (webtiles) character file.

Game seed: 18412539316906852076

257 qw the Skirmisher (level 5, -4/31 HPs)
             Began as a Deep Elf Hunter on Feb 3, 2024.
             Incinerated by a bombardier beetle (6 damage)
             ... with a burning spray
             ... on level 4 of the Dungeon.
             The game lasted 00:00:09 (1855 turns).

qw the Skirmisher (Deep Elf Hunter)                 Turns: 1855, Time: 00:00:09

Health: -4/31      AC:  6    Str: 10    XL:     5   Next: 93%
Magic:  7/7        EV: 11    Int: 14    God:
Gold:   176        SH:  0    Dex: 18    Spells: 4/4 levels left

rFire   . . .        a - +0 shortbow (flame)
rCold   . . .        (shield currently unavailable)
rNeg    . . .        d - +1 ring mail
rPois   .            (no helmet)
rElec   .            (no cloak)
rCorr   .            (no gloves)
SInv    .            (no boots)
Will    .....        (no amulet)
Stlth   +            (no ring)
HPRegen 0.25/turn    (no ring)
MPRegen 0.10/turn

%: no passive effects
@: on fire, about to teleport, glowing
A: no striking features
a: no special abilities


You were on level 4 of the Dungeon.
You visited 1 branch of the dungeon, and saw 4 of its levels.

You collected 176 gold pieces.


   Skills:
 - Level 2.3 Fighting
 + Level 9.1 Ranged Weapons
 - Level 2.4 Dodging
 - Level 1.2 Stealth


You had 4 spell levels left.
You didn't know any spells.
Your spell library was empty.

Inventory:

Hand Weapons
 a - a +0 shortbow of flaming (weapon)
Armour
 d - a +1 ring mail (worn)
Scrolls
 e - a scroll of identify
Potions
 c - a potion of might
 g - a potion of resistance
 h - 2 potions of curing

Dungeon Overview and Level Annotations

Branches:
Dungeon (4/15)
 Temple: D:4-7

Altars:
Cheibriados


Message History

The bombardier beetle bites you.
An orc comes into view. It is wielding a +0 mace.
You shoot an arrow. The arrow hits the bombardier beetle.
The arrow burns the bombardier beetle.
The bombardier beetle is severely wounded.
You shoot an arrow. The arrow hits the bombardier beetle.
The arrow burns the bombardier beetle.
The bombardier beetle is almost dead.
The bombardier beetle sprays incendiary fluid at you.
The burning spray hits you.
You are covered in liquid fire!
An orc comes into view. It is wielding a +0 dagger.
You shoot an arrow.
The arrow hits the bombardier beetle but does no damage.
The bombardier beetle is almost dead.
The liquid fire burns you!
The bombardier beetle barely misses you.
You shoot an arrow. The arrow hits the bombardier beetle.
The arrow burns the bombardier beetle.
You kill the bombardier beetle!
The liquid fire burns you!
Your Fighting skill increases to level 2!
You shoot an arrow. The arrow hits the orc.
The arrow burns the orc.
The orc is moderately wounded.
The liquid fire burns you!
An orc comes into view. It is wielding a +0 war axe.
You shoot an arrow. The arrow completely misses the orc.
The liquid fire burns you! The orc hits you with a +0 whip.
The orc hits you but does no damage.
You shoot an arrow. The arrow hits the orc.
The arrow burns the orc.
You kill the orc!
The liquid fire burns you! The orc closely misses you.
1854 ||| READING scroll of teleportation.
As you read the scroll of teleportation, it crumbles to dust.
You feel strangely unstable. The liquid fire burns you!
You shoot an arrow. The arrow barely misses the orc.
The liquid fire burns you!
You die...

##~.~####....### #
###~~.~~##.7.7.#
#.#P~~~.~~~P.....#
#.............8..#
#.#P~~~.~~~P.....#
# ###~~.~~##.7.7.#
##~.~####....#
#P.P# ###### ##@##
#..ooo# .....####
####


You could see 3 orcs.

Vanquished Creatures
  An ogre (D:4)
  A bombardier beetle (D:4)
  An iguana (D:3)
  4 adders
  4 dart slugs
  2 ribbon worms (D:2)
  4 orcs
  9 ball pythons
  4 endoplasms
  4 giant cockroaches
  4 goblins
  8 hobgoblins
  4 jackals
  3 kobolds
  A quokka (D:1)
  2 bats
  4 frilled lizards
60 creatures vanquished.

Notes
Turn   | Place    | Note
-------+----------+-------------------------------------------
     0 | D:1      | qw the Deep Elf Hunter began the quest for the Orb.
     0 | D:1      | Reached XP level 1. HP: 12/12 MP: 3/3
     0 | D:1      | 0 ||| qw: Version: 0.3-a-158-g18b3111
     0 | D:1      | 0 ||| qw: Game counter: 4049
     0 | D:1      | 0 ||| qw: Melee chars always use a shield: true
     0 | D:1      | 0 ||| qw: God list: Okawaru
     0 | D:1      | 0 ||| qw: Allow faded altars: false
     0 | D:1      | 0 ||| qw: Do Orc after clearing Dungeon:15 true
     0 | D:1      | 0 ||| qw: Do second Lair branch before Depths: true
     0 | D:1      | 0 ||| qw: Lair rune preference: random
     0 | D:1      | 0 ||| qw: Goals: Normal
     0 | D:1      | 0 ||| PLANNING D:1-11
   256 | D:1      | Reached XP level 2. HP: 13/16 MP: 4/4
   291 | D:1      | Reached skill level 6 in Ranged Weapons
   391 | D:1      | 391 ||| UPGRADING to +0 ring mail.
   401 | D:1      | 401 ||| DROPPING +0 leather armour.
   402 | D:1      | 402 ||| READING 3 scrolls labelled QEDOAZ VAMASTRA.
   402 | D:1      | 402 ||| IDENTIFYING fuming sapphire potion
   403 | D:1      | 403 ||| READING 2 scrolls of identify.
   403 | D:1      | 403 ||| IDENTIFYING bubbling inky potion
   404 | D:1      | 404 ||| READING scroll of identify.
   404 | D:1      | 404 ||| IDENTIFYING orange potion
   405 | D:1      | 405 ||| READING scroll labelled QOG KAG KUTUMITS.
   506 | D:1      | 506 ||| READING scroll labelled NYNNIQ GU ZUWNIPT.
   506 | D:1      | 506 ||| ENCHANTING +0 ring mail.
   507 | D:1      | 507 ||| DROPPING scroll of butterflies.
   508 | D:1      | 508 ||| DROPPING potion of degeneration.
   528 | D:2      | Found a faded altar of an unknown god.
   613 | D:2      | Reached XP level 3. HP: 20/20 MP: 5/5
   752 | D:2      | Reached skill level 7 in Ranged Weapons
  1054 | D:2      | 1054 ||| READING scroll of identify.
  1054 | D:2      | 1054 ||| IDENTIFYING fuming cyan potion
  1055 | D:2      | 1055 ||| READING scroll labelled KOUZICLEUCW.
  1056 | D:2      | 1056 ||| READING scroll labelled DEYSHI EPPIW.
  1056 | D:2      | 1056 ||| BRANDING +0 shortbow.
  1057 | D:2      | 1057 ||| READING scroll labelled TOUMYA DYCECZA.
  1062 | D:2      | 1062 ||| DRINKING 2 sedimented golden potions.
  1063 | D:2      | 1063 ||| DROPPING potion of magic.
  1099 | D:3      | 1099 ||| STAIRDANCE
  1138 | D:3      | Reached XP level 4. HP: 25/25 MP: 6/6
  1337 | D:3      | Found a snail-covered altar of Cheibriados.
  1451 | D:3      | Reached skill level 8 in Ranged Weapons
  1615 | D:3      | 1615 ||| READING 3 scrolls of identify.
  1615 | D:3      | 1615 ||| IDENTIFYING clear potion
  1616 | D:3      | 1616 ||| READING 2 scrolls of identify.
  1616 | D:3      | 1616 ||| IDENTIFYING smoky red potion
  1617 | D:3      | 1617 ||| DROPPING potion of attraction.
  1639 | D:4      | Noticed an ogre
  1640 | D:4      | 1640 ||| DRINKING potion of haste.
  1643 | D:4      | Killed an ogre
  1644 | D:4      | Reached skill level 9 in Ranged Weapons
  1644 | D:4      | Reached XP level 5. HP: 29/29 MP: 7/7
  1853 | D:4      | HP: 5/31 [burnt (4)]
  1854 | D:4      | 1854 ||| READING scroll of teleportation.
  1854 | D:4      | HP: 2/31 [burnt (4)]
  1855 | D:4      | Incinerated by a bombardier beetle

Levels and vault maps discovered:
D:1:      wander_arrival_estate, layout_rooms
D:2:      layout_basic, shapermc_ecumenical_altar_mp_ritualfount
D:3:      layout_basic, mainiacjoe_overflow_tiny_flanked, serial_glass,
          glass_columns_a, glass_columns_a, due_unseen_surprise
D:4:      layout_basic, gammafunk_temple_overflow_claw, serial_glass,
          glass_columns_b, glass_columns_c, glass_columns_a, glass_columns_b,
          chequers_avenue, dreamdust_princess_bridge, uniq_duvessa

Skill      XL: |  1  2  3  4  5 |
---------------+----------------+-----
Ranged Weapons | 6 7 9 |  9.1
Fighting       | 2 |  2.3
Dodging        | |  2.4
Stealth        | |  1.2

Action                     |  1- 3 |  4- 6 || total
---------------------------+-------+-------++-------
   Fire: Shortbow          |   103 |    87 ||   190
    Use: Scroll            |     9 |     3 ||    12
         Potion            |     1 |     1 ||     2
 Armour: Leather armour    |     2 |       ||     2
         Ring mail         |    15 |    14 ||    29
  Dodge: Dodged            |    16 |    14 ||    30

Table legend:
 A = Non-vault XP
 B = Vault XP
 C = Vault XP percentage of total XP
 D = Non-vault monster count
 E = Vault monster count
 F = Vault count percentage of total count
                 A         B        C        D         E       F
            +---------+---------+-------+---------+---------+-------
      Total |     368 |       0 |   0.0 |      60 |       0 |   0.0
            +---------+---------+-------+---------+---------+-------
        D:1 |      24 |       0 |   0.0 |      11 |       0 |   0.0
        D:2 |      54 |       0 |   0.0 |      21 |       0 |   0.0
        D:3 |      97 |       0 |   0.0 |      19 |       0 |   0.0
        D:4 |     193 |       0 |   0.0 |       9 |       0 |   0.0
            +---------+---------+-------+---------+---------+-------
